 Dungeon Crawl Stone Soup version 0.28-a0-1613-gdaab1c2f9b (webtiles) character file.

Game seed: 6951440567845140390

981 croobank the Sneak (level 8, 0/57 HPs)
             Began as a Ghoul Fire Elementalist on Jan 22, 2022.
             Slain by a water moccasin (2 damage)
             ... on level 5 of the Dungeon.
             The game lasted 00:16:15 (5308 turns).

croobank the Sneak (Ghoul Fire Elementalist)        Turns: 5308, Time: 00:16:16

Health: 0/57       AC:  7    Str: 12    XL:     8   Next: 17%
Magic:  4/12       EV: 14    Int: 10    God:
Gold:   188        SH:  0    Dex: 17    Spells: 11/14 levels left

rFire   . . .      SeeInvis .   h - +2 dagger (venom)
rCold   + . .      Faith    .   (no shield)
rNeg    + + +      Spirit   .   b - +2 robe {Will+}
rPois   ∞          Reflect  .   (no helmet)
rElec   .          Harm     .   (no cloak)
rCorr   .          Rampage  .   q - +2 pair of gloves
Will    +....                   (no boots)
Stlth   +++.......              (no amulet)
HPRegen 0.00/turn               a - +6 ring of dexterity
MPRegen 0.13/turn               (no ring)

@: mighty, inhibited regen
A: claws 1, cold resistance 1, negative energy resistance 3, inhibited
regeneration, torment resistance 2
a: no special abilities


You were on level 5 of the Dungeon.
You visited 1 branch of the dungeon, and saw 5 of its levels.

You collected 188 gold pieces.

Inventory:

Hand Weapons
 d - a +0 mace
 h - a +2 dagger of venom (weapon)
 l - a +1 vorpal scythe
 t - a +2 dagger of flaming
 w - a +0 morningstar
Missiles
 f - 64 stones
 n - 57 sling bullets
 o - 2 throwing nets
 u - 59 bolts
 v - 24 arrows
 y - 3 poisoned darts
 A - 2 boomerangs (quivered)
Armour
 b - a +2 robe of willpower (worn)
 q - a +2 pair of gloves (worn)
Jewellery
 a - a +6 ring of dexterity (left hand)
Wands
 c - a wand of acid (4)
Scrolls
 j - a scroll of enchant armour
 p - a scroll of vulnerability {unknown}
 r - a scroll of teleportation {unknown}
 x - a scroll of holy word {unknown}
 z - 2 scrolls of identify
Potions
 e - 2 potions of attraction
 g - a potion of might
 i - a potion of curing
 k - a potion of magic {unknown}
 m - 2 potions of mutation
 s - a potion of brilliance {unknown}
 B - a potion of cancellation {unknown}
 C - a potion of haste {unknown}


   Skills:
 + Level 4.0 Dodging
 + Level 5.2 Stealth
 + Level 3.7 Spellcasting
 + Level 3.3 Conjurations
 + Level 4.1 Fire Magic


You had 11 spell levels left.
You knew the following spells:

 Your Spells              Type           Power      Damage    Failure   Level
a - Foxfire               Conj/Fire      36%        2x1d5     5%          1
b - Scorch                Fire           20%        2d6       7%          2

Your spell library contained the following spells:

 Spells                   Type           Power      Damage    Failure   Level
 Conjure Flame            Conj/Fire      9%         6-21      17%         3
 Inner Flame              Hex/Fire       6%         N/A       32%         3
 Flame Wave               Conj/Fire      9%         2d5       50%         4


Dungeon Overview and Level Annotations

Branches:
Dungeon (5/15)
 Temple: D:4-7

Altars:

Shops:
D:3 [


Innate Abilities, Weirdness & Mutations

You thrive by killing the living.
You are immune to poison.
You have sharp fingernails.
Your flesh is cold resistant. (rC+)
You are immune to negative energy. (rN+++)
You do not regenerate when monsters are visible.
You are immune to unholy pain and torment.


Message History

The water moccasin is no longer more vulnerable to fire.
There is an open door here.
Casting: Scorch (safe; 7% risk of failure)
Confirm with . or Enter, or press ? or * to list all spells.
You don't have enough magic to cast this spell.
You miss the water moccasin.
The water moccasin is moderately wounded.
The water moccasin misses you. The adder closely misses you.
The water moccasin bites you but does no damage.
You closely miss the water moccasin.
The water moccasin is moderately wounded.
The adder bites you but does no damage. The water moccasin bites you!
* * * LOW HITPOINT WARNING * * *
The water moccasin bites you but does no damage.
You feel very mighty all of a sudden. The water moccasin barely misses you.
You closely miss the water moccasin.
The water moccasin is moderately wounded.
The adder closely misses you. The water moccasin bites you.
* * * LOW HITPOINT WARNING * * *
You hit the water moccasin.
The water moccasin is heavily wounded.
The adder barely misses you.
The water moccasin bites you but does no damage.
The adder bites you but does no damage.
The water moccasin bites you but does no damage.
The water moccasin barely misses you.
The water moccasin bites you but does no damage.
The water moccasin bites you.
* * * LOW HITPOINT WARNING * * *
You barely miss the water moccasin.
The water moccasin is moderately wounded.
The water moccasin bites you.
* * * LOW HITPOINT WARNING * * *
It was a potion of curing.
You feel better. The water moccasin bites you.
* * * LOW HITPOINT WARNING * * *
The water moccasin barely misses you. The water moccasin closely misses you.
The water moccasin bites you.
You die...

#.............#.#....# #
#..........#..#.#....#
#......##.##..#.#....# #
#.......#.##.........# ##
##.####........#.#....## #.
...............#.#...o.## #.
.#..####.......#Z###.#..#####
#..####..<....#o# #.##.##..#
#..........@S.#.# #.##.'†o).
#...........#S#S# #.####....
.............#.#.###.# ##..#
........#....#.......# ##+#
.#......#.)..###.#####
#......#....# #.#
#..)...#....# ###♣♣###
............# ♣...# ♣♣♣.#


You could see a water moccasin and an adder.

Vanquished Creatures
  Sigmund (D:2)
  An ogre (D:5)
  A bullfrog (D:5)
  3 scorpions (D:5)
  A water moccasin zombie (D:5)
  2 hounds (D:5)
  2 jellies (D:5)
  2 bullfrog skeletons
  Jessica (D:2)
  2 iguanas (D:5)
  Robin (D:2)
  8 adders
  4 gnolls (D:5)
  A white imp (D:3)
  A worm (D:3)
  4 dart slugs
  An orc (D:5)
  7 ball pythons
  4 endoplasms
  5 giant cockroaches
  7 goblins
  5 hobgoblins
  6 kobolds
  5 quokkas
  3 bats
  3 frilled lizards
  3 rats
84 creatures vanquished.

Vanquished Creatures (others)
  12 foxfires
12 creatures vanquished.

Grand Total: 96 creatures vanquished

Notes
Turn   | Place    | Note
-------+----------+-------------------------------------------
     0 | D:1      | croobank the Ghoul Fire Elementalist began the quest for
                  | the Orb.
     0 | D:1      | Reached XP level 1. HP: 14/14 MP: 2/2
   731 | D:1      | Reached skill level 1 in Conjurations
   731 | D:1      | Reached XP level 2. HP: 20/20 MP: 1/3
   734 | D:1      | Learned a level 2 spell: Scorch
  1043 | D:1      | Found a faded altar of an unknown god.
  1316 | D:2      | Reached XP level 3. HP: 26/26 MP: 5/5
  1500 | D:2      | Noticed Jessica
  1509 | D:2      | Killed Jessica
  1510 | D:2      | Reached skill level 3 in Stealth
  1510 | D:2      | Reached XP level 4. HP: 32/33 MP: 1/6
  1726 | D:2      | Noticed Sigmund
  1738 | D:2      | Killed Sigmund
  1739 | D:2      | Reached XP level 5. HP: 5/38 MP: 1/8
  1739 | D:2      | Reached XP level 6. HP: 6/45 MP: 1/9
  2035 | D:2      | Noticed Robin
  2047 | D:2      | HP: 2/45 [goblin[Robin] (1)]
  2048 | D:2      | Killed Robin
  3258 | D:3      | Found Bury's Armour Shop.
  3884 | D:4      | Reached skill level 4 in Stealth
  4098 | D:5      | Entered Level 5 of the Dungeon
  4218 | D:5      | Reached XP level 7. HP: 50/50 MP: 5/10
  5059 | D:5      | Reached skill level 5 in Stealth
  5067 | D:5      | Reached XP level 8. HP: 57/57 MP: 2/12
  5302 | D:5      | HP: 2/57 [water moccasin (2)]
  5308 | D:5      | Slain by a water moccasin

Illustrated notes

Levels and vault maps discovered:
D:1:      mrwooster_arrival_statue_3, layout_loops_ring,
          chequers_ecumenical_altar_grove, minmay_door_square,
          minmay_pentomino_t2
D:2:      layout_loops_ring, uniq_sigmund, uniq_robin, uniq_jessica
D:3:      layout_loops_ring, serial_shops, nicolae_lakefront_shop,
          minmay_misc_feat_enclosed
D:4:      layout_cave_pods
D:5:      minmay_bubble_buster, layout_basic, kennysheep_nondescript

Skill      XL: |  1  2  3  4  5  6  7  8 |
---------------+-------------------------+-----
Conjurations   | 1 2 3 |  3.3
Dodging        | 2 3 4 |  4.0
Spellcasting   | 2 3 |  3.7
Stealth        | 3 4 5 |  5.2
Fire Magic     | 3 4 |  4.1

Action                   |  1- 3 |  4- 6 |  7- 9 || total
-------------------------+-------+-------+-------++-------
Melee: Mace              |    20 |       |       ||    20
       Unarmed           |     2 |       |       ||     2
       Punch             |     2 |       |       ||     2
       Dagger            |    60 |    39 |    39 ||   138
       Scythe            |       |    48 |       ||    48
Throw: Boomerang         |       |       |     6 ||     6
       Dart              |       |       |     3 ||     3
       Stone             |       |       |     1 ||     1
 Cast: Foxfire           |     8 |     1 |     6 ||    15
       Scorch            |     5 |    28 |    32 ||    65
  Use: Potion            |     1 |       |     2 ||     3
       Scroll            |       |     5 |       ||     5
 Stab: Sleeping          |     3 |       |       ||     3
Armor: Robe              |    24 |    49 |    24 ||    97
Dodge: Dodged            |    75 |    75 |    42 ||   192

Table legend: (Time is in decaauts)
 A = Elapsed time spent in this place.
 B = Non-inter-level travel time spent in this place.
 C = Inter-level travel time spent in this place.
 D = Time resting spent in this place.
 E = Time spent auto-exploring this place.
 F = Levels seen in this place.
 G = Mean time per level.
                   A        B        C        D        E       F      G
               +--------+--------+--------+--------+--------+-----+--------+
         Total |   5361 |   5155 |    206 |    809 |   3328 |   5 | 1072.2 |
       Dungeon |   5361 |   5155 |    206 |    809 |   3328 |   5 | 1072.2 |
               +--------+--------+--------+--------+--------+-----+--------+

Top non-repeatable levels by time:
     D:2: 1448 daAuts
     D:1: 1288 daAuts
     D:5: 1211 daAuts
     D:3: 1022 daAuts
     D:4: 391 daAuts
